 Dungeon Crawl Stone Soup version 0.25-a0-578-gc91f01c39c (webtiles) character file.

Game seed: 10724216013728746916, levelgen mode: deterministic

223769 Flugslaktarn the Severer (level 18, -9/176 HPs)
             Began as a Deep Dwarf Fighter on Mar 3, 2020.
             Was the Champion of Makhleb.
             Killed from afar by an ancient lich (97 damage)
             ... with a crystal spear
             ... on level 5 of the Vaults.
             The game lasted 00:16:43 (17771 turns).

Flugslaktarn the Severer (Deep Dwarf Fighter)      Turns: 17771, Time: 00:16:44

Health: -9/176     AC: 35    Str: 26    XL:     18   Next: 13%
Magic:  13/13      EV: 11    Int: 11    God:    Makhleb [******]
Gold:   1404       SH: 16    Dex: 12    Spells: 17/17 levels left

rFire    + . .     SeeInvis +   u - +5 broad axe (freeze)
rCold    + . .     Gourm    .   T - +2 kite shield {AC+3}
rNeg     + . .     Faith    +   V - +8 plate armour of Parlour Games {Regen+}
rPois    .         Spirit   .   M - +0 helmet "Hiul" {rCorr SInv} (curse)
rElec    .         Reflect  .   Z - +0 cloak {+Inv}
rCorr    +         Harm     .   F - +2 pair of gloves {archery}
MR       ++...                  (no boots)
Stlth    ..........             Y - amulet of faith
HPRegen  0.00/turn              f - ring of protection from fire
MPRegen  0.13/turn              c - ring of protection from cold

@: non-regenerating
A: damage resistance, heal wounds, negative energy resistance 1, sense
surroundings 3, no regeneration
}: 2/15 runes: serpentine, barnacled
a: Heal Wounds, Minor Destruction, Lesser Servant of Makhleb, Major Destruction,
Greater Servant of Makhleb, Renounce Religion, Evoke Invisibility


You were on level 5 of the Vaults.
You worshipped Makhleb.
Makhleb was exalted by your worship.
You were not hungry.

You visited 5 branches of the dungeon, and saw 32 of its levels.
You also visited: Gauntlet.

You collected 1553 gold pieces.
You spent 149 gold pieces at shops.

Inventory:

Hand Weapons
 u - a +5 broad axe of freezing (weapon)
   (You took it off an orc warrior on level 2 of the Vaults)
Missiles
 l - 4 throwing nets (quivered)
Armour
 F - a +2 pair of gloves of archery (worn)
   (You found it in a Gauntlet)
 K - a +1 helmet
   (You found it on level 5 of the Lair of Beasts)
 M - the cursed +0 helmet "Hiul" (worn) {rCorr SInv}
   (You found it on level 6 of the Lair of Beasts)

   It lets you see invisible.
   It provides partial protection from all sources of acid and corrosion.
   If you remove this armour, your AC will decrease by 2 (35 -> 33).
   It has a curse placed upon it.
 T - a +2 kite shield of protection (worn)
   (You took it off a minotaur in a Gauntlet)
 V - the +8 plate armour of Parlour Games (worn) {Regen+}
   (You found it in a Gauntlet)

   It increases your rate of regeneration.
   If you remove this armour, your AC will decrease by 25 (35 -> 10).
 Z - a +0 cloak of invisibility (worn)
   (You found it on level 4 of the Shoals)
Jewellery
 c - a ring of protection from cold (right hand)
   (You took it off a merfolk siren on level 4 of the Shoals)
 f - a ring of protection from fire (left hand)
   (You found it on level 13 of the Dungeon)
 i - an uncursed ring of see invisible
   (You found it on level 1 of the Lair of Beasts)
 p - a +5 ring of protection
   (You found it on level 11 of the Dungeon)
 v - a +6 ring of evasion
   (You found it on level 3 of the Snake Pit)
 R - the ring "Waquaj" {Fire rN+}
   (You found it in a Gauntlet)

   [ring of fire]

   It enhances your fire magic.
   It protects you from fire.
   It makes you vulnerable to cold.
   It protects you from negative energy.
 W - the amulet "Isaadew" {Reflect Str+2 SH+2}
   (You found it on level 4 of the Shoals)

   [amulet of reflection]

   It shields you and reflects attacks.
   It affects your strength (+2).
   It affects your SH (+2).
 X - the ring of Kyhyec {Fire rPois Int+4}
   (You acquired it on level 2 of the Snake Pit)

   [ring of fire]

   It enhances your fire magic.
   It affects your intelligence (+4).
   It protects you from fire.
   It makes you vulnerable to cold.
   It protects you from poison.
 Y - an amulet of faith (around neck)
   (You found it on level 2 of the Snake Pit)
Wands
 a - a wand of iceblast (23)
   (You found it on level 9 of the Dungeon)
 D - a wand of acid (15)
   (You found it on level 2 of the Lair of Beasts)
 H - a wand of paralysis (13)
   (You found it on level 5 of the Lair of Beasts)
 L - a wand of scattershot (12)
   (You found it on level 6 of the Lair of Beasts)
Scrolls
 g - 2 scrolls of fear
 n - 2 scrolls of immolation
 r - 2 scrolls of identify
 t - 6 scrolls of teleportation
 x - 11 scrolls of remove curse
 z - 6 scrolls of blinking
 C - 2 scrolls of vulnerability
 G - 2 scrolls of fog
 I - 2 scrolls of silence
 N - a scroll of summoning
 P - 4 scrolls of magic mapping
 U - a scroll of brand weapon
Potions
 b - 2 potions of stabbing
 d - 2 potions of might
 h - 2 potions of haste
 m - 2 potions of lignification
 q - 4 potions of curing
 s - 2 potions of cancellation
 w - 4 potions of heal wounds
 A - 5 potions of flight
 B - 2 potions of mutation
 E - 2 potions of invisibility
 J - 6 potions of brilliance
 Q - a potion of magic
Miscellaneous
 j - a lamp of fire
   (You found it on level 13 of the Dungeon)
Comestibles
 e - 37 rations
 k - 19 chunks of flesh


   Skills:
 * Level 14.6 Fighting
 - Level 18.0 Axes
 + Level 16.0 Armour
 + Level 6.5 Dodging
 - Level 15.0 Shields
 - Level 15.0 Invocations


You had 17 spell levels left.
You didn't know any spells.
Your spell library was empty.

Dungeon Overview and Level Annotations

Branches:
Dungeon (13/15)            Temple (0/1) D:7            Lair (6/6) D:11
 Shoals (4/4) Lair:2        Snake (4/4) Lair:2        Slime (0/5) Lair:6
    Orc (0/2) D:10         Vaults (5/5) D:13          Crypt (0/3) Vaults:3
Gauntlet (visited)

Altars:
Cheibriados
Dithmenos
Gozag
Hepliaklqana
Kikubaaqudgha
Makhleb
Qazlal
Ru
Trog
Uskayaw
Wu Jian
Yredelemnul
The Shining One
Beogh

Shops:
D:4 [%   D:7 *   D:8 [   D:11 [

Annotations:
D:10 exclusions: 2 iron imps, orange demon and 1 more exclusion
D:11 exclusion: orange crystal statue
Lair:4 exclusion: oklob plant
Lair:5 exclusion: oklob plant


Innate Abilities, Weirdness & Mutations

You are resistant to damage.
You can heal yourself by infusing magical energy.
You resist negative energy. (rN+)
You passively map a large area around you.
You do not regenerate.


Message History

You slash the tengu reaver! You freeze the tengu reaver.
You kill the tengu reaver!
Makhleb accepts your kill.
You feel better.
The battlesphere dissipates.
You slash the ancient lich! You hit the vault warden.
You freeze the vault warden. You block the ancient lich's attack.
Your Executioner closely misses the vault warden.
Your Executioner barely misses the vault warden.
The vault warden blocks your Executioner's attack.
You hit the yaktaur captain. You freeze the yaktaur captain.
The yaktaur captain is heavily wounded.
You hit the ancient lich but do no damage.
The vault warden blocks your attack.
The vault warden blocks your Executioner's attack.
Your Executioner hits the vault warden but does no damage.
Your Executioner hits the vault warden!
The ancient lich gestures at you while chanting.
The crystal spear hits you!!!!
Ouch! That really hurt!
You die...

, **,, ,** , , *,, ,
, , , , , , , *, , ,
, * * * , * , #* ,
*, ,, , , ##.. , , ,
,####?..e. * *
####:2○[".H. , , , *
,,####.pL@1$)}#*** ,
,
#####.....cp|####,,,
#.....(...####, , ,
#......####,, ,*
,#...#### , , ** *
*,,#.. ,,, , * , , *
#. , * * , ,, ##*#.
#, * * ,, *...#. , *
,, , ...#.


You could see an ancient lich, a sphinx, a vault warden, a yaktaur captain, a
deep elf sorcerer, an ironbrand convoker, a friendly Executioner and a friendly
blizzard demon.

Vanquished Creatures
  2 tengu reavers
  A fire giant (Vaults:4)
  5 nagarajas (Snake:4)
  7 vault wardens
  2 ghouls
  A war gargoyle (Vaults:4)
  A very ugly thing (Vaults:5)
  4 ironheart preservers
  3 stone giants
  2 entropy weavers (Vaults:4)
  A minotaur (Gauntlet)
  3 ettins
  6 merfolk impalers
  2 crystal guardians (Vaults:4)
  7 merfolk javelineers
  2 yaktaur captains
  Josephine (Lair:6)
  8 vault guards
  A hydra (Lair:2)
  4 naga warriors
  Erica (D:9)
  5 anacondas
  2 merfolk aquamancers
  13 two-headed ogres
  2 ogre magi
  2 death knights (Vaults:4)
  2 satyrs (Shoals:4)
  3 death yaks (Lair:5)
  A deep troll shaman (Vaults:2)
  2 shock serpents
  A storm dragon zombie (Vaults:4)
  A soul eater (Vaults:3)
  A skeletal warrior (Vaults:4)
  2 salamander mystics (Snake:4)
  3 deep trolls (Vaults:2)
  A shadow wraith (Vaults:4)
  An unseen horror (shapeshifter) (Vaults:1)
  3 unseen horrors
  A flayed ghost (Vaults:4)
  2 naga ritualists (Snake:4)
  13 sea snakes
  An orange crystal statue (Gauntlet)
  2 deep elf archers
  A sphinx zombie (Vaults:4)
  A phantasmal warrior (Vaults:3)
  2 necromancers
  7 orc knights
  6 ironbrand convokers
  14 ugly things
  Pikel (D:4)
  10 harpies (Shoals:4)
  A tengu skeleton (Vaults:4)
  3 mana vipers
  3 fauns (Shoals:3)
  An orc sorcerer (Vaults:4)
  5 salamanders
  6 slime creatures
  3 centaur zombies
  2 cyclopes
  10 manticores
  5 guardian serpents (Snake:4)
  11 black mambas
  7 elephants (Lair:6)
  4 vault sentinels
  7 naga magi
  5 water nymphs (Shoals:4)
  3 merfolk sirens
  Psyche (D:9)
  18 spiny frogs
  23 yaktaurs
  7 rime drakes
  Maggie (D:9)
  5 centaur skeletons
  A rime drake (shapeshifter) (Vaults:1)
  3 kobold demonologists
  A yaktaur skeleton (Vaults:4)
  7 komodo dragons
  23 merfolk
  A red devil (D:10)
  A meliai (shapeshifter) (Vaults:2)
  Grinder (D:5)
  4 trolls
  A polar bear (Lair:6)
  4 tyrant leeches (Lair:6)
  Prince Ribbit (D:5)
  2 hornets
  5 hippogriffs
  3 wind drakes
  31 blink frogs
  4 snapping turtles
  A redback (Vaults:4)
  2 shadows
  A tarantella (Vaults:4)
  7 water elementals
  A ynoxinul (Gauntlet)
  3 wyverns
  10 wraiths
  2 basilisks (Lair:2)
  34 yaks
  Eustachio (D:5)
  6 vampire mosquitoes
  7 wargs
  Edmund (D:5)
  A warg (shapeshifter) (D:13)
  16 nagas
  6 porcupines
  2 acid dragons
  18 water moccasins
  Duvessa (D:4)
  5 sky beasts
  A hornet zombie (D:9)
  4 ice beasts
  10 orc warriors
  4 phantoms
  6 wolves (Lair:5)
  2 necrophages (D:10)
  4 boggarts (Vaults:1)
  6 ogres
  14 centaurs
  11 crocodiles
  4 big kobolds
  25 bullfrogs
  Blork the orc (D:4)
  An ogre simulacrum (Vaults:1)
  Dowan (D:4)
  3 scorpions
  24 wights
  6 howler monkeys (D:10)
  5 electric eels
  3 crimson imps
  2 jellies
  A quasit (D:7)
  A wyvern simulacrum (Gauntlet)
  2 human simulacra
  2 bullfrog zombies
  4 hounds
  9 orc priests
  A gnoll shaman (D:5)
  2 iron imps (Gauntlet)
  16 orc wizards
  5 bullfrog skeletons
  An iguana (D:12)
  11 worker ants
  A bullfrog simulacrum (Gauntlet)
  3 centaur simulacra (Gauntlet)
  3 hound zombies
  4 hound skeletons
  4 mummies (D:10)
  4 worker ant zombies
  A howler monkey zombie (D:7)
  13 gnolls
  6 adders
  2 shadow imps
  An ooze (D:5)
  An adder skeleton (D:4)
  An adder zombie (D:5)
  A dart slug (D:4)
  3 leopard geckos
  75 orcs
  2 bat zombies (D:6)
  4 giant cockroaches
  20 hobgoblins
  5 jackals
  5 quokkas
  A bat (D:3)
  3 frilled lizards
  30 goblins
  12 kobolds
  A quokka zombie (D:5)
  3 rats
  3 rat zombies (D:6)
  3 fungi
  8 plants
934 creatures vanquished.

Vanquished Creatures (collateral kills)
  4 nagarajas (Snake:4)
  3 hydras
  2 naga warriors (Snake:4)
  3 anacondas (Snake:4)
  4 naga sharpshooters (Snake:4)
  6 sea snakes (Snake:4)
  A mana viper (Snake:4)
  An elephant (Lair:6)
  3 naga magi (Snake:4)
  3 guardian serpents (Snake:4)
  2 black mambas
  5 blink frogs (Lair:6)
  A yak (Lair:6)
  2 vampire mosquitoes (Lair:6)
  13 nagas (Snake:4)
  A water moccasin (Lair:6)
  5 bullfrogs (Lair:6)
59 creatures vanquished.

Vanquished Creatures (others)
  A naga (Snake:4)
  An orc wizard (D:11)
  4 fungi
  22 plants
28 creatures vanquished.

Grand Total: 1021 creatures vanquished

Notes
Turn   | Place    | Note
-------+----------+-------------------------------------------
     0 | D:1      | Flugslaktarn the Deep Dwarf Fighter began the quest for the
                  | Orb.
     0 | D:1      | Reached XP level 1. HP: 20/20 MP: 1/1
   146 | D:1      | Reached XP level 2. HP: 27/27 MP: 2/2
   309 | D:3      | Reached skill level 3 in Axes
   334 | D:3      | Reached XP level 3. HP: 28/33 MP: 3/3
   420 | D:3      | Reached XP level 4. HP: 27/42 MP: 4/4
   493 | D:4      | Reached skill level 4 in Axes
   497 | D:4      | Reached XP level 5. HP: 40/49 MP: 5/5
   583 | D:4      | Found a sacrificial altar of Ru.
   636 | D:4      | Noticed Duvessa
   637 | D:4      | Noticed Dowan
   644 | D:4      | Killed Duvessa
   644 | D:4      | Reached skill level 5 in Axes
   644 | D:4      | Reached XP level 6. HP: 37/57 MP: 6/6
   649 | D:4      | Killed Dowan
   679 | D:4      | Noticed Pikel
   679 | D:4      | Noticed a slave
   679 | D:4      | Noticed a slave
   679 | D:4      | Noticed a slave
   679 | D:4      | Noticed a slave
   691 | D:4      | Killed Pikel
   691 | D:4      | Reached skill level 6 in Axes
   691 | D:4      | Reached skill level 5 in Armour
   691 | D:4      | Reached skill level 5 in Shields
   691 | D:4      | Reached XP level 7. HP: 26/66 MP: 7/7
   771 | D:4      | Found Pialeusi's Food Shop.
   798 | D:4      | Found Pyaxykil's Antique Armour Boutique.
   799 | D:4      | Found a burning altar of Makhleb.
   816 | D:4      | Became a worshipper of Makhleb the Destroyer
  1060 | D:4      | Reached * piety under Makhleb
  1088 | D:4      | Reached XP level 8. HP: 49/73 MP: 8/8
  1128 | D:4      | Noticed Blork the orc
  1141 | D:4      | Reached skill level 1 in Invocations
  1141 | D:4      | Killed Blork the orc
  1225 | D:4      | Reached ** piety under Makhleb
  1232 | D:4      | Reached skill level 7 in Axes
  1370 | D:4      | Found a shadowy altar of Dithmenos.
  1726 | D:5      | Entered Level 5 of the Dungeon
  1751 | D:5      | Noticed Grinder
  1787 | D:5      | Noticed Eustachio
  1799 | D:5      | Reached skill level 5 in Fighting
  1831 | D:5      | Killed Eustachio
  1875 | D:5      | Noticed Edmund
  1888 | D:5      | Killed Edmund
  1973 | D:5      | Found a glowing golden altar of the Shining One.
  1983 | D:5      | Reached skill level 8 in Axes
  2047 | D:5      | Killed Grinder
  2047 | D:5      | Gained mutation: You passively map the area around you.
                  | [Deep Dwarf growth]
  2047 | D:5      | Reached XP level 9. HP: 55/81 MP: 11/11
  2189 | D:5      | Noticed Prince Ribbit
  2202 | D:5      | Killed Prince Ribbit
  2243 | D:6      | Reached *** piety under Makhleb
  2315 | D:6      | Reached skill level 9 in Axes
  2400 | D:6      | Reached skill level 5 in Invocations
  2503 | D:6      | Found an ancient bone altar of Kikubaaqudgha.
  2707 | D:7      | Found a staircase to the Ecumenical Temple.
  2746 | D:7      | Found Vatuo's General Store.
  2925 | D:7      | Bought a scroll of fear for 45 gold pieces
  2925 | D:7      | Bought a potion of cancellation for 104 gold pieces
  3011 | D:7      | Found a hide-covered altar of Uskayaw.
  3015 | D:7      | Reached **** piety under Makhleb
  3068 | D:7      | Found a hazy altar of Hepliaklqana.
  3119 | D:7      | Found a snail-covered altar of Cheibriados.
  3142 | D:7      | Found a stormy altar of Qazlal.
  3559 | D:8      | Found Moke's Antique Armour Shoppe.
  3562 | D:8      | Reached XP level 10. HP: 57/91 MP: 13/13
  3606 | D:8      | Found a bloodstained altar of Trog.
  3878 | D:9      | Noticed a two-headed ogre
  3890 | D:9      | Noticed Psyche
  3905 | D:9      | Noticed Erica
  3906 | D:9      | Reached skill level 10 in Axes
  3969 | D:9      | Noticed Maggie
  3985 | D:9      | Killed Maggie
  4009 | D:9      | Found an opulent altar of Gozag.
  4040 | D:9      | Paralysed by Psyche for 5 turns
  4064 | D:9      | Killed Erica
  4071 | D:9      | Killed Psyche
  4167 | D:9      | Killed a two-headed ogre
  4630 | D:10     | Entered Level 10 of the Dungeon
  4637 | D:10     | Found a roughly hewn altar of Beogh.
  4652 | D:10     | Noticed an orc knight
  4692 | D:9      | Killed an orc knight
  4692 | D:9      | Reached skill level 11 in Axes
  4921 | D:10     | Found a staircase to the Orcish Mines.
  4931 | D:10     | Noticed a rust devil
  4931 | D:10     | Noticed an orange demon
  4973 | D:10     | Found a basalt altar of Yredelemnul.
  5013 | D:10     | Noticed a two-headed ogre
  5016 | D:10     | Noticed a two-headed ogre
  5017 | D:10     | Reached XP level 11. HP: 88/100 MP: 11/11
  5033 | D:10     | Killed a two-headed ogre
  5036 | D:10     | Killed a two-headed ogre
  5073 | D:10     | Reached ***** piety under Makhleb
  5599 | D:10     | Noticed a two-headed ogre
  5604 | D:10     | Killed a two-headed ogre
  5604 | D:10     | Reached skill level 12 in Axes
  5691 | D:10     | Killed an unseen horror
  5719 | D:10     | Noticed a two-headed ogre
  5732 | D:10     | Killed a two-headed ogre
  6029 | D:11     | Found a staircase to the Lair.
  6043 | Lair:1   | Entered Level 1 of the Lair of Beasts
  6688 | Lair:1   | Reached XP level 12. HP: 62/110 MP: 10/10
  7047 | Lair:2   | Reached skill level 13 in Axes
  7048 | Lair:2   | Found a staircase to the Shoals.
  7054 | Lair:2   | Reached skill level 10 in Armour
  7114 | Lair:2   | Found a snail-covered altar of Cheibriados.
  7190 | Lair:2   | Noticed a five-headed hydra
  7213 | Lair:2   | Killed a ten-headed hydra
  7213 | Lair:2   | Reached skill level 10 in Shields
  7306 | Lair:2   | Found a staircase to the Snake Pit.
  7435 | Lair:2   | Reached skill level 10 in Invocations
  7865 | Lair:3   | Found an opulent altar of Gozag.
  9825 | Lair:5   | Reached ****** piety under Makhleb
  9866 | Lair:5   | Noticed an eight-headed hydra
  9876 | Lair:5   | Killed a 13-headed hydra
  9876 | Lair:5   | Reached skill level 14 in Axes
  9876 | Lair:5   | Reached XP level 13. HP: 82/121 MP: 9/11
 10534 | Lair:6   | Entered Level 6 of the Lair of Beasts
 10569 | Lair:6   | Noticed Josephine
 10579 | Lair:6   | Killed Josephine
 10869 | Lair:6   | Reached skill level 15 in Axes
 11048 | Lair:6   | Gained mutation: You resist negative energy. (rN+) [Deep
                  | Dwarf growth]
 11048 | Lair:6   | Reached XP level 14. HP: 130/130 MP: 10/12
 11100 | Lair:6   | Reached skill level 10 in Fighting
 11250 | Lair:6   | Got a scorched helmet
 11270 | Lair:6   | Identified the cursed +0 helmet "Hiul" {rCorr SInv} (You
                  | found it on level 6 of the Lair of Beasts)
 11482 | Lair:6   | Found a staircase to the Slime Pits.
 11985 | D:11     | Found Duappaps's Armour Emporium.
 12654 | D:12     | Found a gate leading to a gauntlet.
 12666 | Gauntlet | Entered a Gauntlet
 12666 | Gauntlet | Found a transporter.
 12666 | Gauntlet | Found a transporter.
 12666 | Gauntlet | Found a large runed translucent door.
 12666 | Gauntlet | Found a large runed translucent door.
 12666 | Gauntlet | Found a large runed translucent door.
 12666 | Gauntlet | Found a large runed translucent door.
 12666 | Gauntlet | Found a large runed translucent door.
 12666 | Gauntlet | Found a large runed translucent door.
 12666 | Gauntlet | Found a runed translucent door.
 12666 | Gauntlet | Found a runed translucent door.
 12666 | Gauntlet | Found a large runed translucent door.
 12666 | Gauntlet | Found a large runed translucent door.
 12666 | Gauntlet | Found a large runed translucent door.
 12666 | Gauntlet | Found a large runed translucent door.
 12666 | Gauntlet | Found a large runed translucent door.
 12666 | Gauntlet | Found a large runed translucent door.
 12671 | Gauntlet | Found a transporter.
 12671 | Gauntlet | Found a transporter.
 12672 | Gauntlet | Found a large runed translucent door.
 12672 | Gauntlet | Found a large runed translucent door.
 12672 | Gauntlet | Found a large runed translucent door.
 12672 | Gauntlet | Found a large runed translucent door.
 12676 | Gauntlet | Found a runed translucent gate.
 12676 | Gauntlet | Found a runed translucent gate.
 12676 | Gauntlet | Found a runed translucent gate.
 12681 | Gauntlet | Found a transporter.
 12691 | Gauntlet | Found a transporter.
 12691 | Gauntlet | Found a transporter.
 12694 | Gauntlet | Found a transporter.
 12721 | Gauntlet | Found a transporter.
 12730 | Gauntlet | Found a transporter.
 12750 | Gauntlet | Found a transporter.
 12772 | Gauntlet | Found a transporter.
 12818 | Gauntlet | Found a transporter.
 12832 | Gauntlet | Found a transporter.
 12933 | Gauntlet | Found a transporter.
 12949 | Gauntlet | Found a transporter.
 13162 | Gauntlet | Got a fine amber ring
 13170 | Gauntlet | Identified the ring "Waquaj" {Fire rN+} (You found it in a
                  | Gauntlet)
 13197 | Gauntlet | Identified the Papyrus of Mutagenic Orientation
 13200 | Gauntlet | Got a transparent plate armour
 13221 | D:12     | Identified the +8 plate armour of Parlour Games {Regen+}
                  | (You found it in a Gauntlet)
 13361 | D:13     | Reached skill level 16 in Axes
 13614 | D:13     | Found a gate to the Vaults.
 13614 | D:13     | Noticed an ironheart preserver
 13631 | D:13     | Killed an ironheart preserver
 13776 | Shoals:1 | Entered Level 1 of the Shoals
 14019 | Shoals:2 | Reached XP level 15. HP: 140/140 MP: 12/12
 14102 | Shoals:4 | Entered Level 4 of the Shoals
 14352 | Shoals:4 | Got a transparent silver amulet
 14354 | Shoals:4 | Identified the amulet "Isaadew" {Reflect Str+2 SH+2} (You
                  | found it on level 4 of the Shoals)
 14451 | Shoals:4 | Reached skill level 17 in Axes
 14534 | Shoals:4 | Identified the +5 flail of Oenomania {vorpal, Int+3}
 15093 | Shoals:4 | Got a barnacled rune of Zot
 15297 | Snake:1  | Entered Level 1 of the Snake Pit
 15352 | Snake:2  | Found an ornate altar of the Wu Jian Council.
 15386 | Snake:2  | Identified a scroll of acquirement
 15388 | Snake:2  | Identified the ring of Kyhyec {Fire rPois Int+4} (You
                  | acquired it on level 2 of the Snake Pit)
 15596 | Snake:3  | Reached XP level 16. HP: 141/151 MP: 12/12
 15624 | Snake:4  | Entered Level 4 of the Snake Pit
 15771 | Snake:4  | Reached skill level 18 in Axes
 15847 | Snake:4  | Reached skill level 15 in Invocations
 15885 | Snake:4  | Got a serpentine rune of Zot
 16254 | Vaults:1 | Entered Level 1 of the Vaults
 16434 | Vaults:1 | Reached XP level 17. HP: 162/162 MP: 14/14
 16704 | Vaults:1 | Reached skill level 15 in Armour
 16748 | Vaults:2 | Reached skill level 1 in Dodging
 16783 | Vaults:2 | Reached skill level 15 in Shields
 17132 | Vaults:3 | Found a staircase to the Crypt.
 17353 | Vaults:4 | Reached skill level 5 in Dodging
 17597 | Vaults:4 | Gained mutation: You passively map a large area around you.
                  | [Deep Dwarf growth]
 17597 | Vaults:4 | Reached XP level 18. HP: 150/176 MP: 14/14
 17748 | Vaults:5 | Entered Level 5 of the Vaults
 17754 | Vaults:5 | Noticed an ancient lich
 17771 | Vaults:5 | Killed from afar by an ancient lich

Levels and vault maps discovered:
D:1:      mrwooster_arrival_statue_3, layout_basic, minmay_heptomino_d4
D:2:      layout_basic, uniq_terence, uniq_natasha, uniq_jessica
D:3:      minmay_bubble_buster, layout_loops_ring, first_ration,
          lightli_corner_chamber
D:4:      minmay_goblin_kobold_castle, layout_gridville,
          nicolae_ru_sacrificial_ziggurat, marbit_many_paths, bloody_makhleb,
          serial_shops, nicolae_shop_behind_doors, nicolae_shop_trees,
          minmay_fractal_squares_diagonal_5, uniq_pikel, uniq_duvessa,
          uniq_blork_the_orc
D:5:      layout_rooms, basic_altar, uniq_grinder, uniq_eustachio,
          uniq_prince_ribbit1, uniq_edmund
D:6:      layout_basic, lemuel_zombie_altar_kikubaaqudgha
D:7:      layout_loops_ring, lemuel_round_altar, lemuel_doored_altar,
          minitemple, minmay_temple_entry_stoned_glass, serial_shops,
          nicolae_shop_waterfront
D:8:      layout_rooms, bloody_trog, serial_shops, nicolae_shop_statue_plus
D:9:      layout_long_grid, kennysheep_mini_moat, uniq_erica, uniq_maggie,
          uniq_psyche
D:10:     layout_irregular_city, david_orc_5, serial_undead, serial_undead_a,
          serial_undead_e, serial_undead_c, serial_undead_d, serial_undead_c,
          serial_undead_a, grunt_pizzeria, lemuel_hellish_altar
D:11:     layout_loops_corners, erik_lair_orcish_takeover, serial_shops,
          nicolae_shop_trees, disabler_island
D:12:     layout_cave_pools, gauntlet_entry_generic, portal_ice_cave_rime,
          kennysheep_boxes, uniq_snorg
D:13:     layout_rooms, skrybe_vaults_entry_preservation, serial_park_tiny_pond
Lair:1:   layout_long_grid, grunt_megastairs_1
Lair:2:   layout_cave_pods, minmay_shoals_entry_centaurs, dummy_snake_entry,
          basic_altar, chequers_serial_rivers_small_3
Lair:3:   layout_regular_city, basic_altar, infiniplex_staircase_pool_2,
          lemuel_fruit_fields, serial_bayou_shore_a
Lair:4:   layout_cave_pods
Lair:5:   layout_regular_city, serial_bayou_lagoon_a, minmay_lair_drake_nest,
          lemuel_fruit_fields, lemuel_fruit_tree, grunt_megastairs_3,
          minmay_lair_oklob_chamber
Lair:6:   minmay_lair_end_frog_pond, layout_big_grid, dpeg_slime_entry_corner,
          chequers_serial_rivers_room_a, uniq_josephine
Shoals:1: layout_shoals
Shoals:2: layout_shoals
Shoals:3: layout_shoals
Shoals:4: shoals_end_simple, layout_shoals
Snake:1:  layout_gridlike, serial_shops, nicolae_shop_trees, minmay_shop_star
Snake:2:  kennysheep_snake, layout_misc_corridors, basic_altar, st_stairs_1
Snake:3:  layout_grid_shapes, serial_shops, shop, minmay_shoptagon, uniq_aizul,
          uniq_mara, uniq_agnes, uniq_saint_roka
Snake:4:  grunt_snake_rune_pools, layout_layer_cave, special_room,
          gammafunk_ghost_cemetery, drop_trap, grunt_megastairs_4, uniq_donald,
          uniq_vashnia
Vaults:1: v_misc_18, hangedman_vaults_snaps, nicolae_vaults_angled_halls,
          v_alt_pattern_3, nicolae_vaults_big_ls,
          vaults_standard_mumra_enter_the_diamond, nicolae_vaults_meeting,
          vaults_room_fours, vaults_dpeg_spiral, grunt_vaults_hallway_short,
          layout_vaults_omnigrid, serial_shops, shop, shop_statue,
          nicolae_shop_crystal
Vaults:2: hangedman_vaults_locks, vaults_mumra_lcd, dpeg_vaults_waves,
          vaults_standard_mumra_x, nicolae_vaults_asterisk,
          hangedman_vaults_nails, vaults_mumra_hexcomb, ontoclasm_vaults_twist,
          nicolae_vaults_asterisk, hangedman_vaults_slice,
          nicolae_vaults_little_ls, nicolae_vaults_border_crossing,
          ontoclasm_vaults_hangar, layout_vaults_omnicross
Vaults:3: minmay_crypt_entry_simple_walls, hangedman_vaults_river_flow,
          v_misc_2, v_misc_18, vaults_room_octagon,
          vaults_mumra_minichess_inversion, v_alt_pattern_2,
          grunt_vaults_twisty, ontoclasm_vaults_misaligned, vaults_dpeg_cross,
          vaults_dpeg_ring, layout_vaults_big_room, uniq_margery
Vaults:4: gammafunk_vaults_ghost_cemetery, vaults_dpeg_hooks,
          ontoclasm_vaults_gallery, v_pattern_1, v_misc_19,
          hangedman_vaults_slice, v_misc_26, ontoclasm_vaults_idyll,
          nicolae_vaults_what_the_h, v_rooms_1, v_misc_9, layout_vaults_omnibox
Vaults:5

Skill      XL: |  1  2  3  4  5  6  7  8  9 10 11 12 13 14 15 16 17 18 |
---------------+-------------------------------------------------------+-----
Axes           | 3 4 5 6 8 9 11 12 14 15 16 17 18 | 18.0
Fighting       | 3 4 5 6 7 8 9 10 11 12 14 | 14.6
Armour         | 4 5 6 7 8 9 10 11 12 13 14 15 16 | 16.0
Shields        | 4 5 6 7 8 9 10 11 12 13 14 15 | 15.0
Invocations    | 3 5 7 9 10 12 13 14 15 | 15.0
Dodging        | 5 6 |  6.5

Action                   |  1- 3 |  4- 6 |  7- 9 | 10-12 | 13-15 | 16-18 || total
-------------------------+-------+-------+-------+-------+-------+-------++-------
Melee: War axe           |    81 |    63 |   395 |   680 |  1323 |   545 ||  3087
       Broad axe         |       |       |       |       |       |   282 ||   282
Invok: Lesser Servant of |       |       |       |     2 |     4 |     1 ||     7
       Greater Servant o |       |       |       |       |       |     5 ||     5
 Abil: Heal Wounds       |     1 |     2 |     6 |    31 |    15 |     5 ||    60
Evoke: Wand              |       |       |       |     3 |       |       ||     3
  Use: Scroll            |       |       |    15 |    15 |     8 |     8 ||    46
       Potion            |       |       |       |     1 |     2 |       ||     3
 Stab: Distracted        |       |       |       |       |     2 |     5 ||     7
  Eat: Chunk             |       |       |     6 |    16 |    15 |     6 ||    43
       Ration            |       |       |     1 |     2 |     1 |     1 ||     5
Armor: Scale mail        |    31 |    36 |   159 |       |       |       ||   226
       Plate armour      |       |       |    17 |   317 |   403 |   362 ||  1099
       Crystal plate arm |       |       |       |    61 |   349 |       ||   410
Dodge: Dodged            |    22 |    21 |   136 |   126 |   235 |   258 ||   798
Block: Kite shield       |    42 |    37 |   241 |   406 |   869 |   549 ||  2144
       Reflection        |       |       |       |       |     7 |       ||     7

Table legend:
 A = Non-vault XP
 B = Vault XP
 C = Vault XP percentage of total XP
 D = Non-vault monster count
 E = Vault monster count
 F = Vault count percentage of total count
                 A         B        C        D         E       F
            +---------+---------+-------+---------+---------+-------
      Total |  165786 |  136137 |  45.1 |     588 |     394 |  40.1
            +---------+---------+-------+---------+---------+-------
        D:1 |      22 |       0 |   0.0 |      12 |       0 |   0.0
        D:2 |       5 |       0 |   0.0 |       3 |       0 |   0.0
        D:3 |      76 |       0 |   0.0 |      16 |       0 |   0.0
        D:4 |     345 |    1374 |  79.9 |      21 |      64 |  75.3
        D:5 |     615 |     952 |  60.8 |      22 |       4 |  15.4
        D:6 |     982 |       7 |   0.7 |      23 |       5 |  17.9
        D:7 |     566 |       0 |   0.0 |      19 |       0 |   0.0
        D:8 |     935 |       0 |   0.0 |      18 |       0 |   0.0
        D:9 |    2271 |    1622 |  41.7 |      17 |       5 |  22.7
       D:10 |    7053 |    1656 |  19.0 |      38 |      35 |  47.9
       D:11 |    3281 |     620 |  15.9 |      22 |       8 |  26.7
       D:12 |    6983 |     785 |  10.1 |      35 |       2 |   5.4
       D:13 |    7194 |    1751 |  19.6 |      35 |       5 |  12.5
     Lair:1 |    1750 |     314 |  15.2 |       9 |       2 |  18.2
     Lair:2 |    7541 |     447 |   5.6 |      33 |       4 |  10.8
     Lair:3 |    2135 |       0 |   0.0 |      11 |       0 |   0.0
     Lair:4 |    3217 |       0 |   0.0 |      12 |       0 |   0.0
     Lair:5 |    8735 |    2562 |  22.7 |      31 |      10 |  24.4
     Lair:6 |   11221 |   12985 |  53.6 |      39 |      54 |  58.1
   Shoals:1 |    5436 |       0 |   0.0 |      10 |       0 |   0.0
   Shoals:2 |    5305 |       0 |   0.0 |      12 |       0 |   0.0
   Shoals:3 |    2213 |       0 |   0.0 |       5 |       0 |   0.0
   Shoals:4 |   15726 |   21468 |  57.7 |      30 |      34 |  53.1
    Snake:1 |     905 |       0 |   0.0 |       1 |       0 |   0.0
    Snake:2 |    3351 |    2410 |  41.8 |       7 |       4 |  36.4
    Snake:3 |    5213 |       0 |   0.0 |      13 |       0 |   0.0
    Snake:4 |   11527 |   32234 |  73.7 |      16 |      68 |  81.0
   Vaults:1 |   12823 |   14800 |  53.6 |      27 |      18 |  40.0
   Vaults:2 |   18007 |   16109 |  47.2 |      22 |      27 |  55.1
   Vaults:3 |     629 |    3266 |  83.9 |       1 |       4 |  80.0
   Vaults:4 |   19606 |   15141 |  43.6 |      27 |      29 |  51.8
   Vaults:5 |     118 |    2835 |  96.0 |       1 |       2 |  66.7
   Gauntlet |       0 |    2799 | 100.0 |       0 |      10 | 100.0
            +---------+---------+-------+---------+---------+-------
